 Dungeon Crawl Stone Soup version 0.29-a0-43-g62a80824bf (webtiles) character file.

Game seed: 2760019327548711709

21 Hubjo the Grasshopper (level 2, 0/22 HPs)
             Began as a Vampire Warper on Feb 2, 2022.
             Slain by a worm (9 damage)
             ... on level 2 of the Dungeon.
             The game lasted 00:01:43 (568 turns).

Hubjo the Grasshopper (Vampire Warper)               Turns: 568, Time: 00:01:43

Health: 0/22       AC:  4    Str: 10    XL:     2   Next: 62%
Magic:  5/5        EV: 12    Int: 15    God:
Gold:   34         SH:  0    Dex: 13    Spells: 3/5 levels left

rFire   . . .      SeeInvis +   a - +0 short sword
rCold   . . .      Faith    .   (no shield)
rNeg    + . .      Spirit   .   b - +0 leather armour
rPois   .          Reflect  .   (no helmet)
rElec   .          Harm     .   (no cloak)
rCorr   .          Rampage  .   e - +0 pair of gloves
Will    .....                   (no boots)
Stlth   +.........              (no amulet)
HPRegen 0.27/turn               h - ring of positive energy
MPRegen 0.09/turn               (no ring)

@: healing quickly
A: alive, fangs 3, see invisible, vampiric 1
a: Exsanguinate


You were on level 2 of the Dungeon.
You visited 1 branch of the dungeon, and saw 2 of its levels.

You collected 34 gold pieces.

Inventory:

Hand Weapons
 a - a +0 short sword (weapon)
Missiles
 d - 5 boomerangs of dispersal (quivered)
Armour
 b - a +0 leather armour (worn)
 e - a +0 pair of gloves (worn)
Jewellery
 h - a ring of positive energy (left hand)
Scrolls
 c - a scroll of blinking
 f - a scroll of immolation {unknown}
 g - 2 scrolls of identify {unknown}
 i - a scroll of magic mapping {unknown}
Potions
 j - a potion of might {unknown}


   Skills:
 + Level 1.9 Fighting
 + Level 2.3 Short Blades
 + Level 0.7 Throwing
 + Level 0.9 Armour
 + Level 2.3 Dodging
 + Level 0.7 Stealth
 + Level 2.0 Spellcasting
 + Level 2.9 Translocations


You had 3 spell levels left.
You knew the following spells:

 Your Spells              Type           Power      Damage    Failure   Level
a - Blink                 Tloc           20%        N/A       14%         2

Your spell library contained the following spells:

 Spells                   Type           Power      Damage    Failure   Level
 Gell's Gravitas          Tloc           10%        N/A       28%         3
 Lesser Beckoning         Tloc           10%        N/A       28%         3
 Teleport Other           Tloc           10%        N/A       28%         3
 Manifold Assault         Tloc           10%        N/A       95%         5


Dungeon Overview and Level Annotations

Branches:
Dungeon (2/15)

Altars:


Innate Abilities, Weirdness & Mutations

Your natural rate of healing is accelerated.
You have razor-sharp teeth.
You have supernaturally acute eyesight. (SInv)
You are afflicted with vampirism.


Message History

You barely miss the goblin. The goblin barely misses you.
You closely miss the goblin. The goblin hits you with a +0 club.
You hit the goblin.
You kill the goblin!
You hit the frilled lizard.
You kill the frilled lizard!
A rat comes into view.
You see here a +0 club.
There is a stone staircase leading up here.
You hit the rat but do no damage. You bite the rat.
You kill the rat!
You see here a rat corpse.
A rat and a worm come into view.
The rat moves out of view.
You see here a rat corpse.
There is a stone staircase leading up here.
You see here a +0 club.
Found 11 stones.
Found an escape hatch in the floor.
You see here a +0 club.
The worm barely misses you.
You hit the worm.
The worm is moderately wounded.
You barely miss the worm.
The worm is moderately wounded.
The worm barely misses you.
You hit the worm. You bite the worm.
The worm is heavily wounded.
The worm bites you.
You hit the worm.
The worm is severely wounded.
You hit the worm.
The worm is severely wounded.
The worm bites you!
You hit the worm.
The worm is severely wounded.
You hit the worm but do no damage.
The worm is severely wounded.
The worm bites you!
You die...

###............
...............
...............
...............
#............w.
#.....#.#.#....
#.....#†# # ..
#.....#w#+#+#..
.....(.@.......
###.#..........
#..#)).......
##.#.........
#............
#......#.....
#...#.....#+#
###.......#
##......#


You could see a worm.

Vanquished Creatures
  A dart slug (D:1)
  A ball python (D:1)
  A bat (D:1)
  2 endoplasms (D:1)
  3 goblins
  A hobgoblin (D:1)
  A quokka (D:1)
  A frilled lizard (D:2)
  2 kobolds (D:1)
  5 rats
18 creatures vanquished.

Notes
Turn   | Place    | Note
-------+----------+-------------------------------------------
     0 | D:1      | Hubjo the Vampire Warper began the quest for the Orb.
     0 | D:1      | Reached XP level 1. HP: 16/16 MP: 3/3
   228 | D:1      | Reached XP level 2. HP: 20/22 MP: 5/5
   231 | D:1      | Learned a level 2 spell: Blink
   568 | D:2      | Slain by a worm

Illustrated notes

Levels and vault maps discovered:
D:1:      dpeg_arrival_arbitrary_b, layout_basic, st_stairs_3,
          minmay_rat_gold_closets
D:2:      layout_basic, ebering_ecumenical_altar_petrified, uniq_sigmund

Action                   || total
-------------------------++-------
Melee: Short sword       ||    62
       Bite              ||     4
 Stab: Sleeping          ||     1
Armor: Leather armour    ||     9
Dodge: Dodged            ||    30

Table legend: (Time is in decaauts)
 A = Elapsed time spent in this place.
 B = Non-inter-level travel time spent in this place.
 C = Inter-level travel time spent in this place.
 D = Time resting spent in this place.
 E = Time spent auto-exploring this place.
 F = Levels seen in this place.
 G = Mean time per level.
                   A        B        C        D        E       F      G
               +--------+--------+--------+--------+--------+-----+--------+
         Total |    566 |    502 |     64 |      0 |    366 |   2 |  283.0 |
       Dungeon |    566 |    502 |     64 |      0 |    366 |   2 |  283.0 |
               +--------+--------+--------+--------+--------+-----+--------+

Top non-repeatable levels by time:
     D:1: 524 daAuts
     D:2: 42 daAuts
